TOP OF THE 1ST |
Mobile BayBears batting - Pitching for Tulsa Drillers : RHP Santiago Montero
|
Pitching: RHP Santiago Montero
|
|
Batting: LHB Kevin Ferguson
|
0-0: Called Strike 0-1: Ball 1-1: Foul Ball, location: 2F 1-2: Foul Ball, location: 2F 1-2: Ground out 4-3 (Groundball, 34D, EV 81.9 MPH)
|
Batting: LHB Jeff Densmore
|
0-0: Ball 1-0: Ball 2-0: Ball 3-0: Base on Balls
|
Batting: LHB Bob Myers
|
0-0: Foul Ball, location: 2F 0-1: Ball Jeff Densmore steals 2nd base 1-1: Foul Ball, location: 2F 1-2: Foul Ball, location: 2F 1-2: Ball 2-2: Foul Ball, location: 2F 2-2: Ground out U3 (Groundball, 34, EV 108.8 MPH) Jeff Densmore to third
|
Batting: LHB Soo-yeon Kym
|
0-0: Ball 1-0: Ball 2-0: Foul Ball, location: 2F 2-1: Called Strike 2-2: Strikes out swinging
|
Top of the 1st over - 0 runs, 0 hits, 0 errors, 1 left on base; Mobile 0 - Tulsa 0 |
BOTTOM OF THE 1ST |
Tulsa Drillers batting - Pitching for Mobile BayBears : RHP Willie Lasso
|
Pitching: RHP Willie Lasso
|
|
Batting: RHB Marcos Villalobos
|
0-0: Ball 1-0: Ball 2-0: Ball 3-0: Called Strike 3-1: Fly out, F4 (Flyball, 4MD, EV 85.6 MPH)
|
Batting: LHB Kevin Wiebe
|
0-0: Foul Ball, location: 2F 0-1: Foul Ball, location: 2F 0-2: Ball 1-2: Ball 2-2: Ball 3-2: Fly out, F7 (Flyball, 78XD, EV 84.4 MPH)
|
Batting: LHB Jesus Ramirez
|
0-0: Ball 1-0: Foul Ball, location: 2F 1-1: Ball 2-1: Ground out 6-3 (Groundball, 6, EV 88.8 MPH)
|
Bottom of the 1st over - 0 runs, 0 hits, 0 errors, 0 left on base; Mobile 0 - Tulsa 0 |
TOP OF THE 2ND |
Mobile BayBears batting - Pitching for Tulsa Drillers : RHP Santiago Montero
|
Batting: RHB Dustin Clark
|
0-0: Swinging Strike 0-1: Ball 1-1: DOUBLE (Flyball, 8RXD, EV 104.4 MPH)
|
Batting: RHB Edgar Garcia
|
0-0: Fly out, F8 (Line Drive, 8RM, EV 89.4 MPH)
|
Batting: RHB Carlos Ballesteros
|
0-0: Swinging Strike 0-1: SINGLE (Groundball, 6MS, EV 69.4 MPH) (infield hit) Dustin Clark to third
|
Batting: SHB Harrison McLaughlin
|
0-0: Ball 1-0: Called Strike 1-1: Fielders Choice at 2nd, 4-6 (Groundball, 4S, EV 83.8 MPH) Dustin Clark scores
|
Batting: RHB Curt Barrett
|
0-0: Ball 1-0: Ball 2-0: Foul Ball, location: 2F 2-1: Ball 3-1: Base on Balls Harrison McLaughlin to second
|
Batting: LHB Kevin Ferguson
|
0-0: Called Strike 0-1: Swinging Strike 0-2: Ball 1-2: Strikes out looking
|
Top of the 2nd over - 1 run, 2 hits, 0 errors, 2 left on base; Mobile 1 - Tulsa 0 |
BOTTOM OF THE 2ND |
Tulsa Drillers batting - Pitching for Mobile BayBears : RHP Willie Lasso
|
Batting: RHB Nick Getz
|
0-0: Ground out U3 (Groundball, 34, EV 91.9 MPH)
|
Batting: RHB Tony Rivera
|
0-0: Ball 1-0: Foul Ball, location: 2F 1-1: Called Strike 1-2: Foul Ball, location: 2F 1-2: Ground out 4-3 (Groundball, 4, EV 88.1 MPH)
|
Batting: RHB Aaron Burress
|
0-0: Ball 1-0: Fly out, F9 (Flyball, 89S, EV 76.9 MPH)
|
Bottom of the 2nd over - 0 runs, 0 hits, 0 errors, 0 left on base; Mobile 1 - Tulsa 0 |
TOP OF THE 3RD |
Mobile BayBears batting - Pitching for Tulsa Drillers : RHP Santiago Montero
|
Batting: LHB Jeff Densmore
|
0-0: Ball 1-0: Foul Ball, location: 2F 1-1: Ball 2-1: Foul Ball, location: 2F 2-2: Ball 3-2: Ground out 5-3 (Groundball, 5D, EV 88.1 MPH)
|
Batting: LHB Bob Myers
|
0-0: Called Strike 0-1: Ball 1-1: Foul Ball, location: 2F 1-2: Ball 2-2: Foul Ball, location: 2F 2-2: Strikes out swinging
|
Batting: LHB Soo-yeon Kym
|
0-0: Ground out 5-3 (Groundball, 5, EV 104.4 MPH)
|
Top of the 3rd over - 0 runs, 0 hits, 0 errors, 0 left on base; Mobile 1 - Tulsa 0 |
BOTTOM OF THE 3RD |
Tulsa Drillers batting - Pitching for Mobile BayBears : RHP Willie Lasso
|
Batting: RHB Jim Rogers
|
0-0: SINGLE (Line Drive, 89S, EV 107.5 MPH)
|
Batting: RHB Mike Plugge
|
0-0: Ball 1-0: Ground out 6-3 (Groundball, 6M, EV 80.6 MPH) Jim Rogers to second
|
Batting: RHB Kyle Garrett
|
0-0: Ball 1-0: Fly out, F9 (Flyball, 9LD, EV 81.2 MPH) Runner from 2nd tags up, SAFE at 3rd, no throw by RF
|
Batting: RHB Marcos Villalobos
|
0-0: Ball 1-0: Ball 2-0: Ball 3-0: Base on Balls
|
Batting: LHB Kevin Wiebe
|
0-0: Ball 1-0: Swinging Strike 1-1: Called Strike Marcos Villalobos steals 2nd base 1-2: Ball 2-2: Strikes out looking
|
Bottom of the 3rd over - 0 runs, 1 hit, 0 errors, 2 left on base; Mobile 1 - Tulsa 0 |
TOP OF THE 4TH |
Mobile BayBears batting - Pitching for Tulsa Drillers : RHP Santiago Montero
|
Batting: RHB Dustin Clark
|
0-0: Fly out, F7 (Flyball, 7, EV 82.5 MPH)
|
Batting: RHB Edgar Garcia
|
0-0: Called Strike 0-1: Swinging Strike 0-2: Foul Ball, location: 2F 0-2: Ball 1-2: Foul Ball, location: 2F 1-2: SINGLE (Groundball, 6D, EV 100.0 MPH)
|
Batting: RHB Carlos Ballesteros
|
0-0: Fly out, F9 (Flyball, 9D, EV 105.6 MPH)
|
Batting: SHB Harrison McLaughlin
|
0-0: Called Strike 0-1: Foul Ball, location: 2F 0-2: Strikes out swinging
|
Top of the 4th over - 0 runs, 1 hit, 0 errors, 1 left on base; Mobile 1 - Tulsa 0 |
BOTTOM OF THE 4TH |
Tulsa Drillers batting - Pitching for Mobile BayBears : RHP Willie Lasso
|
Batting: LHB Jesus Ramirez
|
0-0: Ball 1-0: Foul Ball, location: 2F 1-1: Called Strike 1-2: Ground out 6-3 (Groundball, 6, EV 91.2 MPH)
|
Batting: RHB Nick Getz
|
0-0: Called Strike 0-1: Ground out 4-3 (Groundball, 4, EV 80.0 MPH)
|
Batting: RHB Tony Rivera
|
0-0: Foul Ball, location: 2F 0-1: Ball 1-1: Ground out 4-3 (Groundball, 4S, EV 68.1 MPH)
|
Bottom of the 4th over - 0 runs, 0 hits, 0 errors, 0 left on base; Mobile 1 - Tulsa 0 |
TOP OF THE 5TH |
Mobile BayBears batting - Pitching for Tulsa Drillers : RHP Santiago Montero
|
Batting: RHB Curt Barrett
|
0-0: Ball 1-0: DOUBLE (Groundball, 5L, EV 96.2 MPH)
|
Batting: LHB Kevin Ferguson
|
0-0: Ball 1-0: Ball 2-0: Swinging Strike 2-1: Ball 3-1: Swinging Strike 3-2: Strikes out swinging
|
Batting: LHB Jeff Densmore
|
0-0: Ball 1-0: Ball 2-0: Ball 3-0: Called Strike 3-1: Base on Balls
|
Batting: LHB Bob Myers
|
0-0: SINGLE (Flyball, 89S, EV 85.0 MPH) Curt Barrett to third Jeff Densmore to second
|
Batting: LHB Soo-yeon Kym
|
0-0: Called Strike 0-1: Ball 1-1: SINGLE (Groundball, 5L, EV 95.0 MPH) Curt Barrett scores Jeff Densmore to third Bob Myers to second Runner from 3rd tries for Home, throw by LF and OUT! 7-2
|
Batting: RHB Dustin Clark
|
0-0: Fielders Choice at 2nd, 6-4 (Groundball, 6, EV 88.1 MPH)
|
Top of the 5th over - 1 run, 3 hits, 0 errors, 2 left on base; Mobile 2 - Tulsa 0 |
BOTTOM OF THE 5TH |
Tulsa Drillers batting - Pitching for Mobile BayBears : RHP Willie Lasso
|
Batting: RHB Aaron Burress
|
0-0: Ball 1-0: Ball 2-0: Foul Ball, location: 2F 2-1: Ground out 6-3 (Groundball, 6D, EV 105.6 MPH)
|
Batting: RHB Jim Rogers
|
0-0: Swinging Strike 0-1: Ball 1-1: SINGLE (Line Drive, 6M, EV 95.6 MPH)
|
Batting: RHB Mike Plugge
|
0-0: Foul Ball, location: 2F 0-1: Fielders Choice at 2nd, 1-6 (Groundball, 13S, EV 76.2 MPH)
|
Batting: RHB Kyle Garrett
|
0-0: Ground out 2-3 (Groundball, 15S, EV 64.4 MPH)
|
Bottom of the 5th over - 0 runs, 1 hit, 0 errors, 1 left on base; Mobile 2 - Tulsa 0 |
TOP OF THE 6TH |
Mobile BayBears batting - Pitching for Tulsa Drillers : RHP Santiago Montero
|
Batting: RHB Edgar Garcia
|
0-0: Bunt for hit to 23 - play at first, batter safe!
|
Batting: RHB Carlos Ballesteros
|
0-0: Called Strike Edgar Garcia steals 2nd, throwing error, E2 Edgar Garcia to third 0-1: Swinging Strike 0-2: Ball 1-2: Ball 2-2: Strikes out swinging
|
Batting: SHB Harrison McLaughlin
|
0-0: Swinging Strike 0-1: Ball 1-1: Fly out, F7 (Line Drive, 7, EV 94.4 MPH)
|
Batting: RHB Curt Barrett
|
0-0: Ball 1-0: Called Strike 1-1: Swinging Strike 1-2: Ball 2-2: Ball 3-2: Base on Balls
|
Pitching: RHP Jordan Arredondo
|
|
Batting: LHB Kevin Ferguson
|
0-0: Foul Ball, location: 2F 0-1: Ball 1-1: Ball 2-1: Ground out U3 (Groundball, 3, EV 97.5 MPH)
|
Top of the 6th over - 0 runs, 1 hit, 1 error, 2 left on base; Mobile 2 - Tulsa 0 |
BOTTOM OF THE 6TH |
Tulsa Drillers batting - Pitching for Mobile BayBears : RHP Willie Lasso
|
Batting: RHB Marcos Villalobos
|
0-0: Ball 1-0: Called Strike 1-1: Swinging Strike 1-2: Strikes out swinging
|
Batting: LHB Kevin Wiebe
|
0-0: Foul Ball, location: 2F 0-1: Ball 1-1: Foul Ball, location: 2F 1-2: Strikes out swinging
|
Batting: LHB Jesus Ramirez
|
0-0: Ball 1-0: Foul Ball, location: 2F 1-1: SINGLE (Groundball, 34D, EV 96.9 MPH)
|
Batting: RHB Nick Getz
|
0-0: Ball 1-0: Ground out 4-3 (Groundball, 4S, EV 85.6 MPH)
|
Bottom of the 6th over - 0 runs, 1 hit, 0 errors, 1 left on base; Mobile 2 - Tulsa 0 |
TOP OF THE 7TH |
Mobile BayBears batting - Pitching for Tulsa Drillers : RHP Jordan Arredondo
|
Pitching: LHP Dave Burridge
|
|
Batting: LHB Jeff Densmore
|
0-0: Called Strike 0-1: Ball 1-1: Ball 2-1: Called Strike 2-2: Foul Ball, location: 2F 2-2: Ball 3-2: Foul Ball, location: 2F 3-2: SINGLE (Line Drive, 89S, EV 107.5 MPH)
|
Batting: LHB Bob Myers
|
|
Pinch Hitting: RHB Will Washburn
|
0-0: Called Strike Jeff Densmore steals 2nd base 0-1: Called Strike 0-2: Ball 1-2: Ball 2-2: Foul Ball, location: 2F 2-2: Foul Ball, location: 2F 2-2: Foul Ball, location: 2F 2-2: Strikes out swinging
|
Batting: LHB Soo-yeon Kym
|
0-0: Called Strike 0-1: Ball 1-1: Called Strike 1-2: Strikes out looking
|
Pitching: RHP Brian Glover
|
|
Batting: RHB Dustin Clark
|
0-0: Ball 1-0: Called Strike 1-1: Ball 2-1: Called Strike 2-2: Ground out 5-3 (Groundball, 56S, EV 85.6 MPH)
|
Top of the 7th over - 0 runs, 1 hit, 0 errors, 1 left on base; Mobile 2 - Tulsa 0 |
BOTTOM OF THE 7TH |
Tulsa Drillers batting - Pitching for Mobile BayBears : RHP Willie Lasso
|
Now in RF: Andy Cunningham
|
|
Batting: RHB Tony Rivera
|
0-0: Fly out, F9 (Flyball, 89M, EV 85.0 MPH)
|
Batting: RHB Aaron Burress
|
0-0: Ball 1-0: Ball 2-0: Called Strike 2-1: Ball 3-1: Ground out 6-3 (Groundball, 6, EV 107.5 MPH)
|
Batting: RHB Jim Rogers
|
0-0: Ground out 5-3 (Groundball, 56, EV 83.8 MPH)
|
Bottom of the 7th over - 0 runs, 0 hits, 0 errors, 0 left on base; Mobile 2 - Tulsa 0 |
TOP OF THE 8TH |
Mobile BayBears batting - Pitching for Tulsa Drillers : RHP Brian Glover
|
Batting: RHB Edgar Garcia
|
0-0: Called Strike 0-1: Ball 1-1: Ball 2-1: Swinging Strike 2-2: Strikes out swinging
|
Batting: RHB Carlos Ballesteros
|
0-0: Called Strike 0-1: Ground out 6-3 (Groundball, 6, EV 81.9 MPH)
|
Batting: SHB Harrison McLaughlin
|
0-0: Foul Ball, location: 2F 0-1: Foul Ball, location: 2F 0-2: Ball 1-2: Strikes out swinging
|
Top of the 8th over - 0 runs, 0 hits, 0 errors, 0 left on base; Mobile 2 - Tulsa 0 |
BOTTOM OF THE 8TH |
Tulsa Drillers batting - Pitching for Mobile BayBears : RHP Willie Lasso
|
Batting: RHB Mike Plugge
|
0-0: Called Strike 0-1: Swinging Strike 0-2: Ball 1-2: Strikes out swinging
|
Pitching: RHP Mike Osgood
|
|
Batting: RHB Kyle Garrett
|
0-0: Foul Ball, location: 2F 0-1: Foul Ball, location: 2F 0-2: SINGLE (Groundball, 6D, EV 105.6 MPH)
|
Batting: RHB Marcos Villalobos
|
0-0: Called Strike 0-1: SINGLE (Line Drive, 3D, EV 102.5 MPH) Kyle Garrett to second
|
Pitching: LHP Afanasy Apatenko
|
|
Batting: RHB Carlos Talavera
|
0-0: Ball 1-0: Called Strike 1-1: Fly out, F7 (Flyball, 7, EV 89.4 MPH)
|
Batting: LHB Jesus Ramirez
|
0-0: Ball 1-0: Fielders Choice at 2nd, 5-4 (Groundball, 5, EV 96.9 MPH)
|
Bottom of the 8th over - 0 runs, 2 hits, 0 errors, 2 left on base; Mobile 2 - Tulsa 0 |
TOP OF THE 9TH |
Mobile BayBears batting - Pitching for Tulsa Drillers : RHP Brian Glover
|
Pitching: RHP Juan Hurtado
|
|
Batting: RHB Curt Barrett
|
0-0: Fly out, F8 (Flyball, 8RD, EV 78.1 MPH)
|
Batting: LHB Kevin Ferguson
|
0-0: Ball 1-0: SINGLE (Flyball, 3D, EV 91.2 MPH)
|
Batting: LHB Jeff Densmore
|
0-0: Ball 1-0: Foul Ball, location: 2F 1-1: Called Strike 1-2: Strikes out looking
|
Batting: RHB Andy Cunningham
|
0-0: Ball 1-0: Ball 2-0: Ground out 4-3 (Groundball, 34, EV 90.0 MPH)
|
Top of the 9th over - 0 runs, 1 hit, 0 errors, 1 left on base; Mobile 2 - Tulsa 0 |
BOTTOM OF THE 9TH |
Tulsa Drillers batting - Pitching for Mobile BayBears : LHP Afanasy Apatenko
|
Pitching: RHP Adam Silbert
|
|
Batting: RHB Nick Getz
|
0-0: Ball 1-0: Ball 2-0: Ball 3-0: Called Strike 3-1: Ground out 4-3 (Groundball, 4, EV 88.8 MPH)
|
Batting: RHB Tony Rivera
|
0-0: Ball 1-0: Ball 2-0: Ball 3-0: Called Strike 3-1: Swinging Strike 3-2: Fly out, F8 (Flyball, 8RS, EV 78.1 MPH)
|
Batting: RHB Aaron Burress
|
0-0: Ball 1-0: Called Strike 1-1: Ball 2-1: Foul Ball, location: 2F 2-2: Ball 3-2: Strikes out swinging
|
Bottom of the 9th over - 0 runs, 0 hits, 0 errors, 0 left on base; Mobile 2 - Tulsa 0 |
|